 Dungeon Crawl Stone Soup version 0.28.0-1-gb440e238dd (webtiles) character file.

Game seed: 4475922245001727317

10536 Kaptain the Geomancer (level 11, -9/77 HPs)
             Began as an Octopode Earth Elementalist on Feb 22, 2022.
             Mangled by a six-headed hydra (16 damage)
             ... on level 1 of the Lair of Beasts.
             The game lasted 00:38:10 (13793 turns).

Kaptain the Geomancer (OpEE)                       Turns: 13793, Time: 00:38:12

Health: -9/77      AC:  3    Str: 18    XL:     11   Next: 63%
Magic:  11/22      EV: 14    Int: 22    God:
Gold:   702        SH:  0    Dex:  8    Spells: 17/25 levels left

rFire   . . .      SeeInvis +   x - +6 falchion of Cobwebs {vorpal, *Rage rElec Str+5 SInv}
rCold   . . .      Faith    .   (no shield)
rNeg    + . .      Spirit   .   d - +2 hat
rPois   +          Reflect  .   g - amulet of the acrobat
rElec   +          Harm     .   k - ring of willpower
rCorr   .          Rampage  .   I - ring of positive energy
Will    +....      Rage     20% K - ring "Vucut" {Fly rPois Str+6 Dex-5}
Stlth   ++++......              (no ring)
HPRegen 0.22/turn               (no ring)
MPRegen 0.18/turn               (no ring)
                                (no ring)
                                (no ring)

@: flying
A: almost no armour, amphibious, 8 rings, camouflage 1, gelatinous body 1,
(nimble swimmer 1), tentacles
a: no special abilities


You were on level 1 of the Lair of Beasts.
You visited 3 branches of the dungeon, and saw 11 of its levels.
You also visited: Ossuary.

You collected 702 gold pieces.

Inventory:

Hand Weapons
 i - a +0 hunting sling
 m - a +4 long sword
 o - a +2 trident of venom
 r - a +2 mace of protection
 x - the +6 falchion of Cobwebs (weapon) {vorpal, *Rage rElec Str+5 SInv}
   (You took it off an orc on level 6 of the Dungeon)

   It inflicts extra damage upon your enemies.
   Str:       It affects your strength (+5).
   rElec:     It insulates you from electricity.
   SInv:      It lets you see invisible.
   *Rage:     It berserks you when you make melee attacks (+20% chance).
 H - a +2 scimitar of flaming
Missiles
 b - 233 stones
 y - 3 atropa-tipped darts (quivered)
 z - 2 boomerangs
 E - 13 poisoned darts
 L - 2 curare-tipped darts
Armour
 d - a +2 hat (worn)
Magical Staves
 n - a staff of fire
Jewellery
 g - an amulet of the acrobat (around mantle)
 k - a ring of willpower (left tentacle)
 I - a ring of positive energy (right tentacle)
 K - the ring "Vucut" (on tentacle) {Fly rPois Str+6 Dex-5}
   (You found it on level 1 of the Lair of Beasts)

   [ring of poison resistance]

   Str:       It affects your strength (+6).
   Dex:       It affects your dexterity (-5).
   rPois:     It protects you from poison.
   Fly:       It grants you flight.
Wands
 a - a wand of iceblast (7)
 q - a wand of digging (8)
 J - a wand of polymorph (1)
Scrolls
 f - 3 scrolls of fear
 j - a scroll of enchant armour
 s - a scroll of acquirement {unknown}
 u - a scroll of fog
 v - 2 scrolls of magic mapping {unknown}
 A - a scroll of teleportation
 C - 4 scrolls of amnesia
 G - a scroll of immolation
Potions
 c - 2 potions of berserk rage
 e - 4 potions of haste
 h - 3 potions of heal wounds
 l - 2 potions of mutation {unknown}
 p - a potion of ambrosia
 t - a potion of might
 w - a potion of flight
 B - a potion of cancellation {unknown}
 D - 2 potions of brilliance
 F - 2 potions of lignification {unknown}


   Skills:
 * Level 8.2 Fighting
 + Level 5.6 Dodging
 + Level 8.2 Stealth
 * Level 7.9 Spellcasting
 * Level 8.0 Conjurations
 - Level 1.0 Transmutations
 * Level 8.9 Earth Magic


You had 17 spell levels left.
You knew the following spells:

 Your Spells              Type           Power      Damage    Failure   Level
a - Sandblast             Erth           94%        2d19      1%          1
b - Stone Arrow           Conj/Erth      90%        3d12      1%          3
c - Call Canine Familiar  Summ           8%         N/A       22%         3
d - Summon Small Mammal   Summ           32%        N/A       8%          1

Your spell library contained the following spells:

 Spells                   Type           Power      Damage    Failure   Level
 Passwall                 Tmut/Erth      25%        N/A       1%          2
 Wereblood                Tmut           13%        N/A       8%          2
 Petrify                  Tmut/Erth      30%        N/A       10%         4
 Sublimation of Blood     Necr           8%         N/A       12%         2
 Leda's Liquefaction      Hex/Erth       14%        N/A       12%         4
 Portal Projectile        Hex/Tloc       16%        N/A       22%         3
 Summon Guardian Golem    Hex/Summ       8%         N/A       22%         3
 Summon Hydra             Summ           4%         N/A       100%        7


Dungeon Overview and Level Annotations

Branches:
Dungeon (9/15)             Temple (1/1) D:5            Lair (1/6) D:9
    Orc (0/2) D:9         Ossuary (visited)

Altars:
Ashenzari
Cheibriados
Dithmenos
Elyvilon
Fedhas
Gozag
Hepliaklqana
Kikubaaqudgha
Makhleb
Okawaru
Qazlal
Ru
Sif Muna
Trog
Uskayaw
Vehumet
Wu Jian
Xom
Yredelemnul
Zin
The Shining One

Shops:
D:1 (   D:3 *

Annotations:
Lair:1 Urug


Innate Abilities, Weirdness & Mutations

You cannot wear most types of armour.
You are amphibious.
You can wear up to eight rings at the same time.
Your skin changes colour to match your surroundings (Stealth+).
Your rubbery body absorbs attacks. (AC +1, EV +1)
((You are camouflaged when in or above water. (Stealth+)))
You have tentacles for arms and can constrict up to eight enemies at once.


Message History

Confirm with . or Enter, or press ? or * to list all spells.
Aiming: Stone Arrow (safe; 1% risk of failure)
Press: ? - help, Shift-Dir - straight line, f/p - six-headed hydra
Aim: a six-headed hydra (moderately wounded, 92% to hit)
The stone arrow hits the six-headed hydra!
The six-headed hydra is heavily wounded.
The six-headed hydra barely misses you. The six-headed hydra bites you!
The six-headed hydra completely misses you.
The six-headed hydra barely misses you. The six-headed hydra bites you! x2
Casting: Stone Arrow (safe; 1% risk of failure)
Confirm with . or Enter, or press ? or * to list all spells.
Aiming: Stone Arrow (safe; 1% risk of failure)
Press: ? - help, Shift-Dir - straight line, f/p - six-headed hydra
Aim: a six-headed hydra (heavily wounded, 92% to hit)
The stone arrow hits the six-headed hydra!!
The six-headed hydra is almost dead.
The six-headed hydra bites you!
The six-headed hydra bites you but does no damage.
The six-headed hydra bites you!
* * * LOW HITPOINT WARNING * * *
The six-headed hydra bites you.
* * * LOW HITPOINT WARNING * * *
The six-headed hydra closely misses you.
The six-headed hydra bites you.
* * * LOW HITPOINT WARNING * * *
Casting: Stone Arrow (safe; 1% risk of failure)
Confirm with . or Enter, or press ? or * to list all spells.
Aiming: Stone Arrow (safe; 1% risk of failure)
Press: ? - help, Shift-Dir - straight line, f/p - six-headed hydra
Aim: a six-headed hydra (almost dead, 92% to hit)
Okay, then.
Okay, then.
You feel much better. The six-headed hydra barely misses you.
The six-headed hydra bites you!
* * * LOW HITPOINT WARNING * * *
The six-headed hydra bites you!
* * * LOW HITPOINT WARNING * * *
The six-headed hydra closely misses you.
The six-headed hydra misses you. The six-headed hydra bites you!
You die...

#.#... . #.....
..... .P..... #.#.#
.......
##...#.......P.#...
...##.........#.#.
#..##...#...#.#...
#.##....#...#.....
#D##....#.#...#.#.
#@#.....#.P.#.#.#.
#.#...........#.#.
#.##........#...#.
#...#...#...#.#...
#...#.#>#.....#.#.
#.#.#.......#...#.
#...#.#.#...#...#.
#.#.#.#...#.....#.
#.#...#...#.#.....


You could see a six-headed hydra.

Vanquished Creatures
  Gastronok (D:8)
  Erica (D:9)
  2 two-headed ogres
  Sonja (Lair:1)
  2 cane toads (Lair:1)
  Maggie (Lair:1)
  A rime drake (Lair:1)
  2 komodo dragons
  A polar bear (Lair:1)
  A troll (D:8)
  3 blink frogs (Lair:1)
  2 wyverns (D:9)
  10 yaks
  A steam dragon (D:7)
  An acid dragon (D:8)
  3 water moccasins
  2 necrophages
  An ogre (D:5)
  A centaur (D:5)
  A phantom (D:5)
  A kobold brigand (D:8)
  5 bullfrogs
  A water moccasin zombie (D:5)
  A water moccasin skeleton (D:4)
  3 wights (D:9)
  A nameless horror (D:9)
  7 howler monkeys
  A bullfrog zombie (D:3)
  4 centaur zombies
  2 jellies
  4 hounds
  8 orc priests
  2 centaur skeletons
  3 bullfrog skeletons
  An orc wizard (D:7)
  2 howler monkey zombies
  A mummy (Ossuary)
  6 gnolls
  A howler monkey skeleton (D:4)
  5 adders
  A shadow imp (D:7)
  A white imp (D:7)
  2 adder skeletons
  2 worms
  4 dart slugs
  24 orcs
  5 spectral bats (Ossuary)
  11 ball pythons
  8 endoplasms
  4 giant cockroaches
  12 gnoll zombies (Ossuary)
  3 goblins
  4 hobgoblins
  2 quokkas
  4 bats
  2 bat simulacra (Ossuary)
  5 frilled lizards
  2 goblin simulacra (Ossuary)
  5 goblin zombies (Ossuary)
  3 hobgoblin zombies (Ossuary)
  11 kobolds
  3 kobold simulacra (Ossuary)
  6 kobold zombies (Ossuary)
  4 orc zombies (Ossuary)
  2 rats (D:1)
  3 rat simulacra (Ossuary)
  4 spectral kobolds (Ossuary)
234 creatures vanquished.

Vanquished Creatures (others)
  8 fungi (Lair:1)
  12 plants
20 creatures vanquished.

Grand Total: 254 creatures vanquished

Notes
Turn   | Place    | Note
-------+----------+-------------------------------------------
     0 | D:1      | Kaptain the Octopode Earth Elementalist began the quest for
                  | the Orb.
     0 | D:1      | Reached XP level 1. HP: 11/11 MP: 3/3
   274 | D:1      | Reached XP level 2. HP: 17/18 MP: 5/5
   328 | D:1      | Found a faded altar of an unknown god.
   393 | D:1      | Found Nibaseow's Weapon Boutique.
   776 | D:1      | Reached skill level 1 in Fighting
   919 | D:2      | Reached XP level 3. HP: 13/23 MP: 6/6
  1883 | D:3      | Reached XP level 4. HP: 28/28 MP: 7/7
  1893 | D:3      | Learned a level 3 spell: Stone Arrow
  2297 | D:3      | Reached skill level 1 in Conjurations
  2297 | D:3      | Reached XP level 5. HP: 14/34 MP: 2/9
  2750 | D:3      | Found a sacrificial altar of Ru.
  2795 | D:3      | Found a glowing silver altar of Zin.
  2796 | D:3      | Found Zin's Purification Station.
  3184 | D:4      | Found an ancient bone altar of Kikubaaqudgha.
  3626 | D:4      | Reached XP level 6. HP: 41/41 MP: 6/10
  3810 | D:4      | Found a hazy altar of Hepliaklqana.
  4446 | D:5      | Entered Level 5 of the Dungeon
  4604 | D:5      | Reached XP level 7. HP: 28/46 MP: 2/12
  5357 | D:5      | Reached skill level 5 in Earth Magic
  5617 | D:5      | Found a staircase to the Ecumenical Temple.
  5623 | Temple   | Entered the Ecumenical Temple
  6088 | D:5      | Found a blossoming altar of Fedhas.
  6156 | D:6      | Reached XP level 8. HP: 46/54 MP: 11/14
  6169 | D:6      | Identified the +6 falchion of Cobwebs {vorpal, *Rage rElec
                  | Str+5 SInv}
  6190 | D:6      | Found a sand-covered staircase.
  6194 | Ossuary  | Entered an ossuary
  6941 | D:6      | Found an iron altar of Okawaru.
  7939 | D:7      | Reached skill level 5 in Spellcasting
  7961 | D:7      | Reached skill level 5 in Fighting
  8289 | D:7      | Reached XP level 9. HP: 61/61 MP: 5/16
  8593 | D:7      | Reached skill level 5 in Stealth
  9311 | D:8      | Reached skill level 5 in Conjurations
  9415 | D:8      | Noticed Gastronok
  9700 | D:8      | Noticed a two-headed ogre
  9705 | D:8      | Killed a two-headed ogre
 10030 | D:8      | Killed Gastronok
 10031 | D:8      | Reached XP level 10. HP: 20/69 MP: 1/19
 10601 | D:9      | Found an ornate altar of the Wu Jian Council.
 10619 | D:9      | Noticed Erica
 10685 | D:9      | Killed Erica
 10865 | D:9      | Found a staircase to the Lair.
 11063 | D:9      | Found a glowing golden altar of the Shining One.
 11067 | D:9      | Found a radiant altar of Vehumet.
 11448 | D:9      | Found a stormy altar of Qazlal.
 11490 | D:9      | Reached skill level 5 in Dodging
 11606 | D:9      | Noticed a two-headed ogre
 11655 | D:9      | Learned a level 3 spell: Call Canine Familiar
 11657 | D:9      | Learned a level 1 spell: Summon Small Mammal
 11673 | D:9      | Killed a two-headed ogre
 11674 | D:9      | Reached XP level 11. HP: 34/75 MP: 9/21
 11876 | D:9      | Found a shadowy altar of Dithmenos.
 11880 | D:9      | Found a staircase to the Orcish Mines.
 12081 | Lair:1   | Entered Level 1 of the Lair of Beasts
 12760 | Lair:1   | Found a glowing golden altar of the Shining One.
 12768 | Lair:1   | Noticed Urug
 12773 | Lair:1   | Noticed a six-headed hydra
 12948 | Lair:1   | Identified the ring "Vucut" {Fly rPois Str+6 Dex-5}
 12962 | Lair:1   | Noticed Sonja
 13104 | Lair:1   | Killed Sonja
 13259 | Lair:1   | Noticed Maggie
 13343 | Lair:1   | Killed Maggie
 13792 | Lair:1   | HP: 2/77 [six-headed hydra (5)]
 13793 | Lair:1   | Mangled by a six-headed hydra

Illustrated notes

Levels and vault maps discovered:
D:1:      dpeg_arrival_pond, layout_loops_ring, serial_shops,
          nicolae_shop_crystal, ebering_ecumenical_altar_sacrificial
D:2:      layout_rooms
D:3:      layout_loops_ring, zin_purify, nicolae_ru_the_path_less_chosen
D:4:      layout_basic, nicolae_kikubaaqudgha_miasma_corner,
          mainiacjoe_overflow_six_doors_small
D:5:      layout_loops_ring, fedhas_altar_fruit_tree, minmay_temple_entry_hall
D:6:      layout_loops_corners, okawaru_ov_weapons_minmay, enter_ossuary_3,
          chequers_garden
D:7:      layout_loops_ring
D:8:      layout_basic, uniq_gastronok
D:9:      layout_irregular_city, lemuel_crystal_altar,
          nzn_wu_jian_contemplation, grunt_temple_overflow_open,
          old_standard_altar, david_lair_shrubbed, orc_0_dummy, minmay_between,
          uniq_erica
Temple:   dpeg_chambers_temple
Lair:1:   hellmonk_warped_wall, layout_long_grid, basic_altar,
          grunt_megastairs_1, uniq_maggie, uniq_sonja, uniq_urug

Skill      XL: |  1  2  3  4  5  6  7  8  9 10 11 |
---------------+----------------------------------+-----
Fighting       | 1 2 3 4 5 6 7 8 |  8.2
Stealth        | 3 4 6 7 8 |  8.2
Conjurations   | 1 2 3 4 6 7 8 |  8.0
Spellcasting   | 3 4 5 6 7 |  7.9
Earth Magic    | 4 5 6 7 8 |  8.9
Dodging        | 3 4 5 |  5.6
Transmutations | |  1.0

Action                   |  1- 3 |  4- 6 |  7- 9 | 10-12 || total
-------------------------+-------+-------+-------+-------++-------
Melee: Short sword       |    52 |     2 |       |       ||    54
       Unarmed           |     6 |       |       |       ||     6
       Constrict         |    17 |     8 |    38 |     1 ||    64
       Tentacles         |    14 |     9 |    25 |     3 ||    51
       Punch             |     1 |     1 |     1 |     1 ||     4
       Quarterstaff      |       |    20 |       |       ||    20
       Staff             |       |     5 |       |       ||     5
       Mace              |       |    15 |    95 |       ||   110
       Falchion          |       |       |    30 |     9 ||    39
Throw: Dart              |       |       |     1 |       ||     1
 Cast: Sandblast         |    23 |    38 |    32 |    36 ||   129
       Stone Arrow       |       |    15 |    80 |    83 ||   178
       Summon Small Mamm |       |       |       |     1 ||     1
  Use: Scroll            |     4 |     3 |    12 |     1 ||    20
       Potion            |       |       |     1 |     4 ||     5
 Stab: Sleeping          |     7 |    10 |     8 |       ||    25
       Distracted        |       |       |     2 |       ||     2
Armor: Skin              |     9 |     2 |    16 |     7 ||    34
Dodge: Dodged            |    39 |    38 |   115 |    70 ||   262
